 Dungeon Crawl Stone Soup version 0.21.1-1-g345015f (webtiles) character file.

36 inc the Chiller (level 3, 0/21 HPs)
             Began as an Octopode Ice Elementalist on June 13, 2018.
             Slain by a jackal (1 damage)
             ... on level 1 of the Dungeon.
             The game lasted 00:02:00 (863 turns).

inc the Chiller (Octopode Ice Elementalist)          Turns: 863, Time: 00:02:01

Health: 0/21       AC:  1    Str:  7    XL:     3   Next: 37%
Magic:  6/6        EV: 13    Int: 18    God:
Gold:   25         SH:  0    Dex: 12    Spells: 5/6 levels left

rFire    . . .     SeeInvis .   (no weapon)
rCold    . . .     Gourm    .   (no shield)
rNeg     . . .     Faith    .   (helmet restricted)
rPois    .         Spirit   .   (no amulet)
rElec    .         Reflect  .   (no ring)
rCorr    .         Harm     .   (no ring)
MR       .....                  (no ring)
Stlth    +++.......             (no ring)
HPRegen  0.07/turn              (no ring)
MPRegen  0.10/turn              (no ring)
                                (no ring)
                                (no ring)

@: no status effects
A: almost no armour, stealthy swim, amphibious, 8 rings, constrict 8, camouflage
1, gelatinous body 1
a: no special abilities


You were on level 1 of the Dungeon.
You were not hungry.

You visited 1 branch of the dungeon, and saw 1 of its levels.

You collected 25 gold pieces.

Inventory:

Scrolls
 c - 2 scrolls of teleportation {unknown}
 e - a scroll of magic mapping {unknown}
 f - a scroll of remove curse {unknown}
 g - a scroll of identify {unknown}
Potions
 d - a potion of curing {unknown}
Books
 a - a book of Frost

   Spells                             Type                      Level
   a - Freeze                         Ice                          1
   b - Throw Frost                    Conjuration/Ice              2
   c - Ozocubu's Armour               Charms/Ice                   3
   d - Throw Icicle                   Conjuration/Ice              4
   e - Summon Ice Beast               Ice/Summoning                4
Comestibles
 b - 2 rations


   Skills:
 - Level 2.0 Dodging
 - Level 2.6 Stealth
 - Level 2.0 Spellcasting
   Level 1.0 Conjurations
 + Level 4.3 Ice Magic


You had 5 spell levels left.
You knew the following spells:

 Your Spells              Type           Power        Failure   Level  Hunger
a - Freeze                Ice            ###.         3%          1    #......


Dungeon Overview and Level Annotations

Branches:
Dungeon (1/15)

Altars:


Innate Abilities, Weirdness & Mutations

You cannot wear most types of armour.
You are very stealthy in the water. (Stealth+)
You are amphibious.
You can wear up to eight rings at the same time.
You can use your tentacles to constrict eight enemies at once.
Your skin changes colour to match your surroundings (Stealth+).
Your rubbery body absorbs attacks. (AC +1, EV +1)


Message History

You tentacle-slap the jackal.
You kill the jackal!
The jackal bites you but does no damage.
You tentacle-slap the jackal. You grab the jackal.
The jackal is heavily wounded.
You constrict the jackal, but do no damage.
The gnoll barely misses you. The jackal barely misses you.
You tentacle-slap the jackal but do no damage.
The jackal is heavily wounded.
You constrict the jackal, but do no damage.
The jackal barely misses you.
The gnoll hits you from afar with a spear.
* * * LOW HITPOINT WARNING * * *
You tentacle-slap the jackal.
The jackal is severely wounded.
You constrict the jackal. The jackal closely misses you.
The gnoll hits you from afar with a spear.
* * * LOW HITPOINT WARNING * * *
The jackal bites you.
You die...

...............
...............
...........####
...........#
#..........#
#..........# .
#..........# ...
####'##############.....
#.#..........@hgK.#
###.#.#############.#
#...#.# #.###.# #.# #.#
#.# #.# #.# #.# #.###.#
#.....#


You could see a gnoll, a jackal and a kobold.

Vanquished Creatures
  2 dart slugs (D:1)
  2 leopard geckos (D:1)
  A ball python (D:1)
  4 giant cockroaches (D:1)
  2 goblins (D:1)
  4 hobgoblins (D:1)
  3 jackals (D:1)
  2 frilled lizards (D:1)
  2 kobolds (D:1)
  5 rats (D:1)
27 creatures vanquished.

Vanquished Creatures (others)
  A ghoul (D:1)
  A vine stalker (D:1)
  An elf (D:1)
  A troll (D:1)
  A vampire (D:1)
  A human (D:1)
  A naga (D:1)
  2 dwarves (D:1)
  An ogre (D:1)
  2 kobolds (D:1)
  4 tentacles (D:1)
16 creatures vanquished.

Grand Total: 43 creatures vanquished

Notes
Turn   | Place    | Note
-------+----------+-------------------------------------------
     0 | D:1      | inc the Octopode Ice Elementalist began the quest for the Orb.
     0 | D:1      | Reached XP level 1. HP: 11/11 MP: 3/3
     0 | D:1      | Noticed a dwarf
     0 | D:1      | Noticed a vampire
     0 | D:1      | Noticed a ghoul
     0 | D:1      | Noticed a dwarf
     0 | D:1      | Noticed a kraken
     0 | D:1      | Noticed a human
     0 | D:1      | Noticed a troll
     0 | D:1      | Noticed a vine stalker
     0 | D:1      | Noticed an elf
     0 | D:1      | Noticed a naga
     0 | D:1      | Noticed an ogre
     4 | D:1      | Killed a vampire
     7 | D:1      | Killed a human
     8 | D:1      | Killed an ogre
     8 | D:1      | Killed a dwarf
     8 | D:1      | Killed a ghoul
     8 | D:1      | Killed an elf
     8 | D:1      | Killed a dwarf
     9 | D:1      | Killed a naga
     9 | D:1      | Killed a vine stalker
    11 | D:1      | Killed a troll
   179 | D:1      | Reached XP level 2. HP: 14/17 MP: 5/5
   444 | D:1      | Reached skill level 4 in Ice Magic
   520 | D:1      | Reached XP level 3. HP: 6/21 MP: 6/6
   863 | D:1      | HP: 1/21 [gnoll/spear (3)]
   863 | D:1      | Slain by a jackal

Skill      XL: |  1  2 |
---------------+-------+-----
Ice Magic      | 4 |  4.3
Dodging        | |  2.0
Stealth        | |  2.6
Spellcasting   | |  2.0
Conjurations   | |  1.0

Action                   || total
-------------------------++-------
Melee: Unarmed           ||    88
       Constrict         ||    25
       Tentacles         ||    20
 Stab: Sleeping          ||     3
Armor: Skin              ||     4
Dodge: Dodged            ||    56
